Map: Ruines de Seras

Players

Wolf - Winner!

  • Race: Protoss Protoss
  • League: Gold

Sydalw - Winner!

  • Race: Protoss Protoss
  • League: Platinum

FredisDrunk

  • Race: Zerg Zerg
  • League: Platinum

blocoxine

  • Race: Zerg Zerg
  • League: Gold

VOD

Have the link to the VOD?

Description

Time

  • Played on: April 8, 2016, 4:52 p.m.
  • Length: 15:13
Show
View Real Time Build Order
Export as new Build Order

Wolf Protoss - Winner!

Build Orders:  

Get SALT Encoding   

  12  0:01  Probe (Chrono Boost)  
  13  0:12  Probe (Chrono Boost)  
  14  0:18  Pylon  
  14  0:23  Probe (Chrono Boost)  
  15  0:37  Probe (Chrono Boost)  
  16  0:47  Probe (Chrono Boost)  
  17  0:58  Probe (Chrono Boost)  
  18  1:31  Nexus  
  18  1:36  Gateway  
  18  1:41  Assimilator  
  18  1:42  Probe (Chrono Boost)  
  18  1:47  Assimilator  
  19  1:52  Probe (Chrono Boost)  
  20  1:54  Gateway  
  20  2:03  Probe (Chrono Boost)  
  21  2:13  Probe (Chrono Boost)  
  22  2:24  Cybernetics Core  
  22  2:25  Probe (Chrono Boost), Pylon  
  23  2:42  Zealot  
  23  2:43  Probe (Chrono Boost)  
  26  2:53  Probe (Chrono Boost)  
  26  2:54  Pylon  
  26  2:56  Probe (Chrono Boost)  
  28  2:59  Warp Gate  
  28  3:00  Adept  
  30  3:05  Probe (Chrono Boost)  
  30  3:07  Probe (Chrono Boost)  
  30  3:08  Adept  
  33  3:17  Probe (Chrono Boost)  
  33  3:18  Probe (Chrono Boost)  
  35  3:24  Gateway  
  35  3:28  Probe (Chrono Boost)  
  35  3:30  Probe (Chrono Boost)  
  37  3:40  Probe (Chrono Boost)  
  39  3:42  Probe (Chrono Boost)  
  39  3:50  Stargate, Probe (Chrono Boost)  
  39  3:54  Stargate  
  40  3:58  Probe (Chrono Boost)  
  40  4:01  Probe (Chrono Boost)  
  43  4:10  Probe (Chrono Boost)  
  43  4:12  Mothership Core (Chrono Boost)  
  43  4:16  Assimilator  
  45  4:20  Assimilator  
  45  4:25  Adept x2  
  45  4:27  Adept  
  45  4:30  Probe (Chrono Boost)  
  45  4:31  Probe (Chrono Boost)  
  53  4:56  Pylon  
  53  4:57  Pylon  
  53  4:58  Pylon  
  53  5:02  Nexus  
  53  5:07  Pylon  
  53  5:08  Pylon  
  53  5:10  Oracle  
  53  5:13  Oracle  
  53  5:17  Probe x2 (Chrono Boost)  
  63  5:30  Probe x2 (Chrono Boost)  
  63  5:34  Forge  
  63  5:36  Gateway  
  63  5:40  Adept  
  63  5:42  Probe x2 (Chrono Boost)  
  67  5:54  Probe (Chrono Boost)  
  69  5:58  Probe (Chrono Boost)  
  69  5:59  Stalker  
  69  6:00  Stalker  
  69  6:01  Void Ray  
  73  6:06  Void Ray, Probe (Chrono Boost)  
  73  6:10  Probe (Chrono Boost)  
  83  6:19  Adept  
  85  6:28  Probe (Chrono Boost)  
  85  6:29  Probe x2 (Chrono Boost)  
  85  6:30  Adept  
  85  6:31  Adept  
  92  6:38  Probe (Chrono Boost)  
  92  6:40  Void Ray  
  92  6:41  Probe x2 (Chrono Boost)  
  93  6:47  Adept  
  93  6:48  Adept  
  93  6:50  Adept  
  93  6:53  Protoss Ground Weapons Level 1  
  99  6:57  Twilight Council  
  99  7:00  Void Ray  
  99  7:08  Adept x2  
  107  7:13  Adept  
  109  7:25  Resonating Glaives, Pylon  
  109  7:27  Pylon  
  109  7:28  Assimilator x2  
  109  7:43  Probe (Chrono Boost)  
  110  7:44  Probe x2 (Chrono Boost)  
  110  7:47  Gateway  
  110  7:48  Gateway  
  110  7:50  Gateway  
  108  7:52  Gateway  
  108  7:56  Probe (Chrono Boost)  
  107  8:00  Adept x4  
  113  8:08  Void Ray  
  113  8:10  Probe (Chrono Boost)  
  113  8:11  Probe (Chrono Boost)  
  113  8:12  Probe (Chrono Boost)  
  116  8:16  Void Ray  
  124  8:23  Probe (Chrono Boost)  
  124  8:24  Probe (Chrono Boost)  
  124  8:26  Pylon  
  118  8:31  Pylon  
  118  8:34  Pylon  
  118  8:43  Adept  
  118  8:44  Adept x3  
  118  8:46  Adept x3  
  132  8:49  Protoss Ground Armor Level 1  
  132  8:59  Stalker  
  134  9:05  Nexus, Stalker x2  
  134  9:08  Sentry x2  
  142  9:17  Templar Archives  
  142  9:21  Pylon  
  142  9:22  Pylon  
  142  9:24  Pylon  
  142  9:25  Charge  
  142  9:28  Assimilator  
  142  9:32  Assimilator  
  142  9:33  Stalker x2  
  142  9:36  Oracle  
  148  9:39  Oracle  
  152  9:53  Photon Cannon  
  152  9:54  Photon Cannon  
  152  9:57  Robotics Facility  
  152  10:00  Photon Cannon  
  152  10:10  Oracle  
  152  10:11  Oracle  
  138  10:29  Stalker  
  138  10:30  Stalker x3  
  138  10:31  Stalker x4  
  112  10:51  Observer  
  112  10:54  Photon Cannon  
  112  10:56  Photon Cannon  
  109  10:58  High Templar x4  
  109  10:59  High Templar x2  
  109  11:02  Archon  
  109  11:03  Archon x2  
  117  11:09  Zealot  
  117  11:10  Zealot  
  118  11:12  Observer  
  118  11:14  Pylon  
  118  11:16  Pylon  
  102  11:30  Probe (Chrono Boost)  
  102  11:31  Probe (Chrono Boost)  
  102  11:32  Probe x2 (Chrono Boost)  
  94  11:33  Observer  
  95  11:41  Probe x2 (Chrono Boost)  
  95  11:44  Probe x2 (Chrono Boost)  
  95  11:45  High Templar  
  95  11:46  High Templar x4  
  105  11:48  Zealot x3  
  105  11:50  Archon  
  105  11:51  Probe (Chrono Boost), Archon  
  105  11:52  Probe (Chrono Boost)  
  113  11:56  Probe x2 (Chrono Boost)  
  113  11:59  Immortal  
  119  12:08  Gateway  
  119  12:10  Gateway  
  119  12:12  Gateway  
  119  12:13  Probe x2 (Chrono Boost)  
  121  12:21  Nexus, Zealot x2  
  121  12:22  Zealot x4, Photon Cannon  
  119  12:23  Photon Cannon  
  119  12:25  Photon Cannon, High Templar  
  119  12:26  High Templar  
  119  12:28  Photon Cannon  
  104  12:30  Archon  
  104  12:32  Probe (Chrono Boost)  
  104  12:33  Probe (Chrono Boost)  
  104  12:34  Probe x2 (Chrono Boost)  
  105  12:44  High Templar x3  
  105  12:45  High Templar x2  
  105  12:49  High Templar  
  116  12:51  Archon x2  
  116  12:54  Archon  
  120  13:02  Probe (Chrono Boost)  
  120  13:03  Probe (Chrono Boost)  
  120  13:05  Observer  
  119  13:08  Zealot, Void Ray  
  119  13:09  Zealot x4  
  129  13:13  Void Ray  
  137  13:26  Observer  
  136  13:33  Zealot x5  
  136  13:34  Zealot x3  
  148  13:43  Stalker x2  
  148  13:48  Immortal  
  148  13:53  High Templar x2  
  148  13:54  High Templar x2  
  148  13:56  Zealot x2  
  148  13:57  Zealot  
  148  14:00  Archon  
  150  14:03  Archon  
  150  14:17  Assimilator x2  
  150  14:20  Zealot x4  
  150  14:21  Zealot x2  
  162  14:26  Probe x2 (Chrono Boost)  
  162  14:40  High Templar  
  162  14:41  High Templar x2  
  164  14:52  Nexus  
  152  15:09  High Templar x2  
Show
View Real Time Build Order
Export as new Build Order

Sydalw Protoss - Winner!

Build Orders:  

Get SALT Encoding   

  12  0:01  Drone  
  13  0:08  Drone  
  14  0:19  Overlord  
  14  0:37  Drone x2  
  14  0:38  Drone  
  18  0:50  Drone  
  18  1:01  Hatchery  
  17  1:09  Extractor  
  17  1:11  Drone x2  
  19  1:25  Drone  
  19  1:31  Spawning Pool  
  18  1:41  Drone  
  18  1:46  Overlord  
  19  1:55  Drone  
  20  2:14  Drone  
  21  2:18  Queen x2  
  21  2:20  Zergling x4  
  21  2:22  Metabolic Boost  
  27  2:26  Zergling x2  
  28  2:39  Drone x3  
  31  2:46  Roach Warren  
  30  3:08  Drone x6  
  36  3:20  Overlord  
  36  3:29  Evolution Chamber  
  36  3:32  Lair  
  35  3:35  Extractor, Drone  
  35  3:40  Roach x3  
  40  3:41  Drone  
  40  3:42  Drone  
  42  4:08  Drone  
  42  4:09  Drone  
  44  4:13  Zerg Ground Armor Level 1  
  44  4:14  Overlord x2  
  43  4:38  Hydralisk Den, Spore Crawler  
  42  4:41  Drone x5  
  42  4:42  Drone x3  
  49  4:50  Spore Crawler  
  48  4:57  Drone x4  
  52  5:02  Hatchery  
  52  5:04  Extractor  
  50  5:11  Roach x4  
  57  5:30  Muscular Augments  
  57  5:33  Hydralisk  
  57  5:35  Overlord x3  
  59  5:43  Extractor, Overlord  
  59  5:44  Overlord  
  58  5:55  Glial Reconstitution  
  58  5:58  Drone  
  58  6:03  Hydralisk x3  
  63  6:06  Drone x2  
  63  6:07  Drone  
  63  6:08  Drone x3  
  70  6:19  Queen x2  
  70  6:22  Queen  
  73  6:31  Hydralisk x2  
  70  6:45  Drone x3  
  70  6:47  Drone x2  
  75  6:51  Zerg Ground Armor Level 2  
  75  6:54  Overseer  
  75  6:56  Pneumatized Carapace  
  75  6:58  Drone  
  75  7:00  Overlord  
  76  7:14  Lurker Den  
  76  7:19  Hydralisk  
  76  7:21  Drone x6  
  76  7:22  Evolution Chamber  
  83  7:23  Extractor  
  83  7:25  Extractor, Hydralisk  
  83  7:29  Hydralisk  
  85  7:35  Hydralisk  
  87  7:41  Roach x2  
  87  7:42  Roach  
  93  7:46  Roach  
  93  7:47  Roach  
  95  7:55  Roach x3  
  95  7:57  Zergling x8  
  100  8:00  Roach x2  
  102  8:10  Overlord  
  102  8:11  Overlord  
  101  8:29  Drone x2  
  101  8:33  Hatchery  
  101  8:34  Drone x2  
  104  8:36  Drone x3  
  104  8:38  Overlord x2  
  107  8:59  Hydralisk x5  
  107  9:00  Hydralisk  
  119  9:03  Lurker  
  119  9:04  Lurker  
  119  9:05  Lurker  
  119  9:09  Drone  
  123  9:11  Overlord  
  123  9:40  Drone x3  
  123  9:41  Drone x3  
  123  9:43  Drone x2  
  131  9:47  Zerg Missile Weapons Level 1  
  131  9:50  Roach x2  
  131  9:51  Roach  
  137  9:53  Overlord  
  137  10:03  Hatchery  
  136  10:11  Hydralisk x3  
  136  10:12  Hydralisk  
  144  10:22  Hatchery  
  144  10:24  Overseer x3  
  114  10:36  Hydralisk x5  
  114  10:37  Hydralisk  
  114  10:38  Hydralisk  
  114  10:41  Hydralisk  
  109  10:44  Hydralisk  
  109  10:48  Hydralisk  
  113  10:56  Hydralisk x2  
  103  11:05  Infestation Pit  
  103  11:10  Hydralisk x3  
  103  11:11  Hydralisk  
  100  11:18  Hydralisk x2  
  80  11:38  Hydralisk x2  
  82  11:40  Roach x4  
  84  11:47  Lurker  
  84  11:48  Lurker  
  84  11:49  Lurker  
  84  11:51  Hydralisk  
  84  11:52  Hydralisk  
  91  11:54  Drone  
  91  11:55  Drone  
  93  12:04  Roach x4  
  93  12:05  Roach x2  
  105  12:10  Roach  
  105  12:11  Roach  
  100  12:24  Roach x4  
  100  12:25  Roach x3  
  106  12:30  Queen  
  106  12:31  Lurker x2  
  110  12:41  Drone x2  
  110  12:42  Extractor  
  110  12:43  Roach x2  
  110  12:44  Roach x2  
  119  12:53  Roach x3  
  119  12:54  Roach x2  
  129  12:59  Hive  
  129  13:16  Drone  
  129  13:17  Drone  
  129  13:19  Roach  
  133  13:20  Roach  
  131  13:36  Overlord x2  
  131  13:37  Overlord x2  
  131  13:40  Overlord  
  131  13:41  Overlord  
  131  13:47  Queen  
  125  13:50  Hydralisk x5  
  125  13:51  Hydralisk x6  
  125  13:54  Hydralisk  
  95  14:03  Roach  
  95  14:04  Roach x4  
  105  14:18  Lurker  
  105  14:19  Ultralisk Cavern, Roach  
  103  14:33  Roach x2  
  103  14:34  Roach x6  
  103  14:35  Zergling x2  
  103  14:36  Zergling x10  
  107  14:42  Roach x2  
  107  14:43  Roach  
  99  14:51  Roach  
  99  14:52  Roach x2  
Show
View Real Time Build Order
Export as new Build Order

FredisDrunk Zerg 

Build Orders:  

Get SALT Encoding   

Show
View Real Time Build Order
Export as new Build Order

blocoxine Zerg 

Build Orders:  

Get SALT Encoding   

Tags
 
Add a new tag
Caveats
  • Supply blocks, unpowered buildings, or Contaminate may cause inaccurate times.
  • Supply counts are checked every 10 seconds.